 Dungeon Crawl Stone Soup version 0.31.0-11-ge490571c62 (webtiles) character file.

Game seed: 3862528908699256455

8 browni3141 the Conjurer (level 2, 0/19 HPs)
             Began as a Demonspawn Conjurer on Jan 30, 2024.
             Frozen to death by an endoplasm (5 damage)
             ... on level 1 of the Dungeon.
             The game lasted 00:00:17 (138 turns).

browni3141 the Conjurer (Demonspawn Conjurer)        Turns: 138, Time: 00:00:18

Health: 0/19       AC:  2    Str:  7    XL:     2   Next: 0%
Magic:  1/5        EV: 12    Int: 18    God:
Gold:   0          SH:  0    Dex: 11    Spells: 4/5 levels left

rFire   . . .        (no weapon)
rCold   . . .        (no shield)
rNeg    . . .        a - +0 robe
rPois   .            (helmet restricted)
rElec   .            (no cloak)
rCorr   .            (no gloves)
SInv    .            (no boots)
Will    .....        (no amulet)
Stlth   ++           (no ring)
HPRegen 0.23/turn    (no ring)
MPRegen 0.09/turn

%: no passive effects
@: no status effects
A: antennae 1
a: no special abilities


You were on level 1 of the Dungeon.
You visited 1 branch of the dungeon, and saw 1 of its levels.

Inventory:

Armour
 a - a +0 robe (worn)
Potions
 b - a potion of magic


   Skills:
 + Level 2.0 Dodging
 + Level 2.0 Stealth
 + Level 2.1 Spellcasting
 + Level 4.1 Conjurations


You had 4 spell levels left.
You knew the following spells:

 Your Spells              Type           Power      Damage    Failure   Level
a - Magic Dart            Conj           64%        1d6       3%          1

Your spell library contained the following spells:

 Spells                   Type           Power      Damage    Failure   Level
 Searing Ray              Conj           32%        2d5       4%          2
 Fulminant Prism          Conj/Alch      4%         3d5       58%         4
 Iskenderun's Mystic Bla  Conj/Tloc      9%         2d4       58%         4


Dungeon Overview and Level Annotations

Branches:
Dungeon (1/15)

Altars:


Innate Abilities, Weirdness & Mutations

You have a pair of small antennae on your head.


Message History

The jackal is almost dead.
The jackal bites you but does no damage.
The jackal closely misses you.
You hit the jackal but do no damage.
The jackal is almost dead.
The jackal barely misses you.
You closely miss the jackal.
The jackal is almost dead.
The jackal bites you.
You hit the jackal but do no damage.
The jackal is almost dead.
The jackal closely misses you. The jackal misses you.
You hit the jackal but do no damage.
The jackal is almost dead.
The jackal barely misses you.
You hit the jackal but do no damage.
The jackal is almost dead.
The jackal barely misses you. The jackal misses you.
The magic dart hits the jackal.
You kill the jackal!
The jackal stops to sniff the ground.
The jackal barely misses you.
Your Stealth skill increases to level 2!
You hit the jackal.
The jackal is moderately wounded.
The jackal closely misses you.
You closely miss the jackal.
The jackal is moderately wounded.
The jackal bites you. The jackal barely misses you.
You hit the jackal.
The jackal is heavily wounded.
The jackal bites you.
You hit the jackal but do no damage.
The jackal is heavily wounded.
The jackal bites you but does no damage.
You hit the jackal but do no damage.
The jackal is heavily wounded.
The jackal misses you. The jackal closely misses you.
You closely miss the jackal.
The jackal is heavily wounded.
The jackal barely misses you.
You barely miss the jackal.
The jackal is heavily wounded.
The jackal bites you.
The jackal bites you but does no damage.
You hit the jackal but do no damage.
The jackal is heavily wounded.
The jackal closely misses you.
You closely miss the jackal.
The jackal is heavily wounded.
The jackal misses you.
You hit the jackal.
The jackal is severely wounded.
The jackal bites you.
The jackal bites you but does no damage.
You hit the jackal.
You kill the jackal!
Your Dodging skill increases to level 2!
You have reached level 2!
Your demonic ancestry asserts itself...
A pair of antennae grows on your head!
The magic dart hits the endoplasm.
The endoplasm is moderately wounded.
The endoplasm closely misses you.
A ball python comes into view.
The ball python hisses angrily.
You hit the endoplasm.
The endoplasm is heavily wounded.
The endoplasm hits you.
You hit the endoplasm.
The endoplasm is severely wounded.
The endoplasm barely misses you.
You hit the endoplasm.
The endoplasm is almost dead.
The endoplasm freezes you.
You are frozen.
You hit the endoplasm but do no damage.
The endoplasm is almost dead.
The endoplasm misses you.
You barely miss the endoplasm.
The endoplasm is almost dead.
The endoplasm hits you.
You barely miss the endoplasm.
The endoplasm is almost dead.
The endoplasm misses you.
You hit the endoplasm but do no damage.
The endoplasm is almost dead.
The endoplasm hits you.
You hit the endoplasm but do no damage.
The endoplasm is almost dead.
The endoplasm closely misses you.
You hit the endoplasm but do no damage.
The endoplasm is almost dead.
The endoplasm freezes you.
You are frozen.
You barely miss the endoplasm.
The endoplasm is almost dead.
The endoplasm freezes you.
You are frozen.
You die...

#... #..#
#..#
#######h.#
.........#
###.# #S..#
#J### ##@##
#...# #...#
####...####
###.........#
............#
###.........#
######..#.#
#..#.#


You could see an endoplasm and a ball python.

Vanquished Creatures
  2 endoplasms (D:1)
  A hobgoblin (D:1)
  3 jackals (D:1)
6 creatures vanquished.

Notes
Turn   | Place    | Note
-------+----------+-------------------------------------------
     0 | D:1      | browni3141 the Demonspawn Conjurer began the quest for the
                  | Orb.
     0 | D:1      | Reached XP level 1. HP: 13/13 MP: 3/3
   128 | D:1      | Gained mutation: You have a pair of small antennae on your
                  | head. [demonic ancestry]
   128 | D:1      | Reached XP level 2. HP: 14/19 MP: 1/5
   138 | D:1      | Frozen to death by an endoplasm

Illustrated notes

Levels and vault maps discovered:
D:1:      reono_arrival_mine, layout_loops_ring, chequers_ecumenical_altar_lobes

Skill      XL: |  1 |
---------------+----+-----
Stealth        | 2 |  2.0
Dodging        | 2 |  2.0
Spellcasting   | |  2.1
Conjurations   | |  4.1

Action                     || total
---------------------------++-------
  Melee: Unarmed           ||    35
   Cast: Magic Dart        ||    11
 Armour: Robe              ||    15
  Dodge: Dodged            ||    24
